 Dungeon Crawl Stone Soup version 0.29-a0-82-g837932c90e (webtiles) character file.

Game seed: 535377380828347357

228 lordive the Ruffian (level 5, -5/49 HPs)
             Began as a Troll Warper on Feb 4, 2022.
             Splashed by a jelly's acid (7 damage)
             ... on level 4 of the Dungeon.
             The game lasted 00:03:39 (1514 turns).

lordive the Ruffian (Troll Warper)                  Turns: 1514, Time: 00:03:40

Health: -5/49      AC: -7    Str: 19    XL:     5   Next: 70%
Magic:  6/6        EV: 10    Int: 11    God:
Gold:   30         SH:  0    Dex:  9    Spells: 6/6 levels left

rFire   . . .      SeeInvis .     - Unarmed
rCold   . . .      Faith    .   (no shield)
rNeg    . . .      Spirit   .   n - +1 robe {Will+}
rPois   .          Reflect  .   (helmet restricted)
rElec   .          Harm     .   u - scarf {repulsion}
rCorr   .          Rampage  .   (gloves unavailable)
Will    +....                   (boots unavailable)
Stlth   +.........              (no amulet)
HPRegen 0.96/turn               (no ring)
MPRegen 0.10/turn               (no ring)

@: corroded, repel missiles
A: large, unfitting armour, claws 3, regeneration 1, shaggy fur 1, tough skin 1
a: no special abilities


You were on level 4 of the Dungeon.
You visited 1 branch of the dungeon, and saw 4 of its levels.

You collected 30 gold pieces.

Inventory:

Hand Weapons
 r - a +2 dagger of draining
Missiles
 c - 5 boomerangs of dispersal (quivered)
 p - 5 poisoned darts
 q - 2 throwing nets
Armour
 n - a +1 robe of willpower (worn)
 u - a scarf of repulsion (worn)
Jewellery
 i - a ring of protection from cold
 v - an amulet of faith
Wands
 x - a wand of acid (3)
Scrolls
 a - a scroll of torment {unknown}
 b - 2 scrolls of blinking
 f - 2 scrolls of fear {unknown}
 g - 3 scrolls of identify {unknown}
 h - 3 scrolls of magic mapping {unknown}
 k - a scroll of enchant armour {unknown}
 l - a scroll of teleportation {unknown}
 o - 2 scrolls of fog {unknown}
 s - a scroll of amnesia {unknown}
 w - a scroll of enchant weapon {unknown}
Potions
 d - 2 potions of curing {unknown}
 e - 2 potions of cancellation {unknown}
 j - 2 potions of degeneration {unknown}
 m - 3 potions of might {unknown}
 t - a potion of berserk rage {unknown}


   Skills:
 + Level 2.1 Fighting
 - Level 0.8 Throwing
 + Level 2.4 Dodging
 + Level 0.2 Stealth
 + Level 3.9 Unarmed Combat
 + Level 1.4 Spellcasting
 * Level 3.4 Translocations


You had 6 spell levels left.
You didn't know any spells.
Your spell library contained the following spells:

 Spells                   Type           Power      Damage    Failure   Level
 Blink                    Tloc           16%        N/A       12%         2
 Gell's Gravitas          Tloc           8%         N/A       22%         3
 Lesser Beckoning         Tloc           8%         N/A       22%         3
 Teleport Other           Tloc           8%         N/A       22%         3
 Stone Arrow              Conj/Erth      0%         3d7       67%         3
 Manifold Assault         Tloc           8%         N/A       91%         5
 Animate Armour           Summ/Erth      0%         N/A       97%         4
 Summon Lightning Spire   Summ/Air       0%         N/A       97%         4
 Dispersal                Tloc           4%         N/A       100%        6
 Storm Form               Tmut/Air       0%         N/A       100%        7
 Lehudib's Crystal Spear  Conj/Erth      0%         10d2      100%        8
 Maxwell's Capacitive Co  Air            0%         ∞         100%        8


Dungeon Overview and Level Annotations

Branches:
Dungeon (4/15)
 Temple: D:4-7

Altars:
Kikubaaqudgha
Xom
Yredelemnul
Zin
The Shining One


Innate Abilities, Weirdness & Mutations

You are too large for most types of armour.
You have claws for hands.
Your natural rate of healing is unusually fast.
You are covered in fur. (AC +1)
You have tough skin. (AC +1)


Message History

You kill the kobold!
You see here a +0 dagger.
You claw the jelly! The acid corrodes you!
Your claws burn!
The jelly is moderately wounded.
The jelly barely misses you.
You scratch the jelly.
Your claws burn!
The jelly is heavily wounded.
The jelly hits you.
You are splashed with acid!
You scratch the jelly but do no damage.
Your claws burn!
The jelly is heavily wounded.
The jelly hits you. The acid corrodes you!
You are splashed with acid!
You are too injured to fight recklessly!
You are too injured to fight recklessly!
You are too injured to fight recklessly!
You are too injured to fight recklessly!
You are too injured to fight recklessly!
You are too injured to fight recklessly!
You are too injured to fight recklessly!
You are too injured to fight recklessly!
You are too injured to fight recklessly!
You are too injured to fight recklessly!
You are too injured to fight recklessly!
You are too injured to fight recklessly!
You are too injured to fight recklessly!
You are too injured to fight recklessly!
Unknown command.
You scratch the jelly.
Your claws burn!
The jelly is severely wounded.
The jelly misses you.
You claw the jelly!
Your claws burn!
The jelly is almost dead.
The jelly hits you.
You are splashed with acid!
* * * LOW HITPOINT WARNING * * *
You scratch the jelly but do no damage.
Your claws burn!
* * * LOW HITPOINT WARNING * * *
The jelly is almost dead.
The jelly hits you.
* * * LOW HITPOINT WARNING * * *
The acid corrodes you!
You are splashed with acid!
You die...

.........# .........#
..... ..##.....#
..... .. ..##.....+
#...# ..# ..##.....#
#...###..# ..##.....#
#........#
..##.†...##.
#........#
####.........
#.J.......
#.......... #†@.#
#..........##...##
#................+
####..#####..##....#
#.##..##.######...##
.............##.#####
....................#
....................#
....................#


You could see a jelly.

Vanquished Creatures
  A howler monkey (D:4)
  A hound (D:4)
  A hound skeleton (D:4)
  6 gnolls
  An adder (D:4)
  2 adder skeletons (D:4)
  3 worms
  2 dart slugs
  4 orcs (D:4)
  5 endoplasms
  A giant cockroach (D:1)
  7 hobgoblins
  2 quokkas (D:4)
  A ball python (D:4)
  2 bats (D:1)
  5 goblins
  14 kobolds
  A quokka skeleton (D:4)
  6 rats
65 creatures vanquished.

Vanquished Creatures (others)
  A plant (D:4)
1 creature vanquished.

Grand Total: 66 creatures vanquished

Notes
Turn   | Place    | Note
-------+----------+-------------------------------------------
     0 | D:1      | lordive the Troll Warper began the quest for the Orb.
     0 | D:1      | Reached XP level 1. HP: 19/19 MP: 1/1
   200 | D:1      | Reached XP level 2. HP: 21/27 MP: 2/2
   380 | D:2      | HP: 1/28 [gnoll (8)]
   428 | D:2      | Reached XP level 3. HP: 35/35 MP: 4/4
   487 | D:3      | Found a glowing golden altar of the Shining One.
   575 | D:3      | Reached XP level 4. HP: 24/42 MP: 5/5
  1061 | D:4      | Reached XP level 5. HP: 49/49 MP: 6/6
  1271 | D:4      | Found a shimmering altar of Xom.
  1272 | D:4      | Found an ancient bone altar of Kikubaaqudgha.
  1272 | D:4      | Found a basalt altar of Yredelemnul.
  1273 | D:4      | Found a glowing silver altar of Zin.
  1514 | D:4      | HP: 2/49 [jelly (3)]
  1514 | D:4      | Splashed by a jelly's acid

Illustrated notes

Levels and vault maps discovered:
D:1:      lightli_arrival_statuegarden, layout_basic,
          hellmonk_ecumenical_altar_pennies_from_heaven, solitary_fountain
D:2:      layout_basic, serial_shops, nicolae_shop_statue_plus, basic_altar
D:3:      layout_loops_ring, nicolae_tso_carved_into_rock
D:4:      corexii_shantytown, layout_gridville,
          chequers_temple_overflow_statue_of_worship,
          corexii_item_surrounded_by_moat, minmay_misc_feat_cross

Skill      XL: |  1  2  3  4 |
---------------+-------------+-----
Dodging        | 2 |  2.4
Translocations | 3 |  3.4
Fighting       | 2 |  2.1
Unarmed Combat | 3 |  3.9
Throwing       | |  0.8
Stealth        | |  0.2
Spellcasting   | |  1.4

Action                   |  1- 3 |  4- 6 || total
-------------------------+-------+-------++-------
Melee: Unarmed           |    82 |   113 ||   195
       Punch             |     1 |     1 ||     2
 Stab: Sleeping          |       |     1 ||     1
Armor: Robe              |    19 |    31 ||    50
Dodge: Dodged            |    33 |    48 ||    81

Table legend: (Time is in decaauts)
 A = Elapsed time spent in this place.
 B = Non-inter-level travel time spent in this place.
 C = Inter-level travel time spent in this place.
 D = Time resting spent in this place.
 E = Time spent auto-exploring this place.
 F = Levels seen in this place.
 G = Mean time per level.
                   A        B        C        D        E       F      G
               +--------+--------+--------+--------+--------+-----+--------+
         Total |   1503 |   1453 |     50 |      0 |    990 |   4 |  375.8 |
       Dungeon |   1503 |   1453 |     50 |      0 |    990 |   4 |  375.8 |
               +--------+--------+--------+--------+--------+-----+--------+

Top non-repeatable levels by time:
     D:4: 548 daAuts
     D:3: 513 daAuts
     D:1: 296 daAuts
     D:2: 145 daAuts
